 Dungeon Crawl Stone Soup version 0.31-a0-832-g3a2c1c66ba (webtiles) character file.

Game seed: 7901921746178048044

741 Descartes the Ducker (level 7, -8/31 HPs)
             Began as a Felid Shapeshifter on Sept 25, 2023.
             Killed by divine providence
             ... invoked by an orc priest
              (13 damage)
             ... on level 5 of the Dungeon.
             The game lasted 00:05:13 (4289 turns).

Descartes the Ducker (Felid Shapeshifter)           Turns: 4289, Time: 00:05:14

Health: -8/31      AC:  2    Str: 12    XL:     7   Next: 47%
Magic:  8/8        EV: 19    Int: 12    God:
Gold:   236        SH:  0    Dex: 15    Spells: 6/6 levels left
                                        Lives:  0   Deaths: 3

rFire   . .          .
                       - Unarmed
rCold   . . .        (shield unavailable)
rNeg    . . .        (body armour unavailable)
rPois   .            (helmet unavailable)
rElec   .            (cloak unavailable)
rCorr   .            (gloves unavailable)
SInv    +            (boots unavailable)
Will    +....        (no amulet)
Stlth   +++          (no ring)
HPRegen 0.25/turn    (no ring)
MPRegen 0.11/turn

%: no passive effects
@: beast-form, quick
A: beast (slay +2), very small, claws 1, fangs 3, see invisible, speed 1, shaggy
fur 2, stealthy paws, no weapons or thrown items, no armour, multi-lived
a: Begin Untransformation


You were on level 5 of the Dungeon.
You were a hulking beast.
You visited 2 branches of the dungeon, and saw 6 of its levels.

You collected 236 gold pieces.

Inventory:

Jewellery
 o - a +4 ring of slaying
 u - a +6 ring of dexterity
 x - a ring of resist corrosion
Talismans
 b - a beast talisman (active)
 c - a flux talisman
 q - a serpent talisman
 y - a flux talisman
 B - a maw talisman
Wands
 t - a wand of digging (5)
 w - a wand of polymorph (11)
 A - a wand of flame (23)
Scrolls
 d - 2 scrolls of fear {unknown}
 e - a scroll of immolation {unknown}
 f - 2 scrolls of acquirement {unknown}
 h - 5 scrolls of teleportation {unknown}
 j - 3 scrolls of identify {unknown}
 k - 2 scrolls of amnesia {unknown}
 m - 2 scrolls of silence {unknown}
 C - a scroll of butterflies {unknown}
Potions
 a - a potion of lignification
 g - a potion of cancellation {unknown}
 i - a potion of curing
 l - a potion of heal wounds {unknown}
 n - a potion of ambrosia {unknown}
 p - a potion of magic {unknown}
 r - a potion of invisibility {unknown}
 s - 2 potions of degeneration {unknown}
 v - a potion of berserk rage {unknown}
 z - a potion of enlightenment {unknown}


   Skills:
 + Level 3.6 Fighting
 + Level 5.6 Dodging
 + Level 4.9 Stealth
 + Level 4.7 Unarmed Combat
 + Level 4.9 Shapeshifting


You had 6 spell levels left.
You didn't know any spells.
Your spell library contained the following spells:

 Spells                   Type           Power      Damage    Failure   Level
 Blink                    Tloc           0%         N/A       45%         2
 Lesser Beckoning         Tloc           0%         N/A       45%         2
 Momentum Strike          Conj/Tloc      0%         3d8       45%         2


Dungeon Overview and Level Annotations

Branches:
Dungeon (5/15)             Temple (1/1) D:4

Altars:
Ashenzari
Cheibriados
Dithmenos
Elyvilon
Fedhas
Hepliaklqana
Kikubaaqudgha
Makhleb
Okawaru
Qazlal
Ru
Sif Muna
Trog
Uskayaw
Vehumet
Wu Jian
Yredelemnul
Zin
The Shining One


Innate Abilities, Weirdness & Mutations

You are a hulking beast.
Your limbs bulge with bestial killing power. (Slay +2)
You have sharp claws.
You have razor-sharp teeth.
You have supernaturally acute eyesight. (SInv)
You cover ground quickly. (Speed+)
You are covered in thick fur. (AC +2)
Your paws help you pounce on unaware monsters.
You are incapable of wielding weapons or throwing items.
You cannot wear armour.
You gain extra lives every three experience levels.


Message History

No target in view!
No target in view!
No target in view!
No target in view!
No target in view!
No target in view!
No target in view!
An orc priest is nearby!
The orc priest shouts!
The orc priest invokes the aid of Beogh against you.
Beogh smites you!
The orc priest mumbles some strange prayers to Beogh against you.
Beogh smites you!
* * * LOW HITPOINT WARNING * * *
You are too injured to fight recklessly!
You are too injured to fight recklessly!
You are too injured to fight recklessly!
You are too injured to fight recklessly!
You are too injured to fight recklessly!
You are too injured to fight recklessly!
You are too injured to fight recklessly!
You are too injured to fight recklessly!
You are too injured to fight recklessly!
You are too injured to fight recklessly!
You are too injured to fight recklessly!
You are too injured to fight recklessly!
You are too injured to fight recklessly!
You are too injured to fight recklessly!
You scratch the orc priest.
The orc priest is moderately wounded.
You claw the orc priest!
The orc priest is almost dead.
The orc priest hits you with a +0 whip.
* * * LOW HITPOINT WARNING * * *
You scratch the orc priest but do no damage.
Your bite misses the orc priest.
The orc priest is almost dead.
The orc priest mumbles some strange prayers to Beogh against you.
Beogh smites you!
You die...

######### #.......# #####
#<......# #.... #..)....#
#....
#.......#############....
#.......ho...............
#.......#..##########....
#.......##.# #....
#.......##.######## #....
#.......##........###....
#####..###o.#####........
##.###..# #####.... ..
#.##..## #.... ...
#.##oo# ###....


You could see an orc priest.

Vanquished Creatures
  An ogre (D:5)
  2 scorpions
  5 hounds
  An orc priest (D:4)
  A gnoll bouda (D:4)
  2 iguanas
  2 orc wizards (D:5)
  9 gnolls
  6 adders
  A white imp (D:4)
  3 ufetubi
  2 dart slugs
  10 orcs
  3 bats
  4 endoplasms
  4 giant cockroaches
  4 goblins
  5 hobgoblins
  4 kobolds
  4 ball pythons
  2 frilled lizards
  2 rats
77 creatures vanquished.

Notes
Turn   | Place    | Note
-------+----------+-------------------------------------------
     0 | D:1      | Descartes the Felid Shapeshifter began the quest for the
                  | Orb.
     0 | D:1      | Reached XP level 1. HP: 9/9 MP: 2/2
    98 | D:1      | Frozen to death by an endoplasm
   555 | D:2      | Reached XP level 2. HP: 11/12 MP: 3/3
   575 | D:2      | Reached skill level 1 in Stealth
   577 | D:2      | Reached skill level 3 in Dodging
   688 | D:2      | Reached XP level 3. HP: 11/15 MP: 4/4
  1395 | D:3      | Found an ancient bone altar of Kikubaaqudgha.
  1395 | D:3      | Found a sacrificial altar of Ru.
  1395 | D:3      | Found a hazy altar of Hepliaklqana.
  1859 | D:3      | Found a faded altar of an unknown god.
  2006 | D:4      | Reached XP level 4. HP: 14/19 MP: 5/5
  2097 | D:4      | Noticed a scorpion
  2104 | D:4      | Killed a scorpion
  2105 | D:4      | Reached XP level 5. HP: 17/22 MP: 6/6
  2243 | D:4      | Reached skill level 4 in Dodging
  2525 | D:4      | Found a staircase to the Ecumenical Temple.
  2813 | D:4      | Gained mutation: You are covered in thick fur. (AC +2)
                  | [Felid growth]
  2813 | D:4      | Reached XP level 6. HP: 16/27 MP: 7/7
  3136 | Temple   | Entered the Ecumenical Temple
  3171 | D:5      | Entered Level 5 of the Dungeon
  3476 | D:5      | Slain by a gnoll
  3540 | D:5      | Reached skill level 5 in Dodging
  3635 | D:5      | Reached XP level 7. HP: 23/31 MP: 8/8
  4052 | D:4      | HP: 1/31 [gnoll/+0 flail (9)]
  4053 | D:4      | Slain by a gnoll
  4141 | D:5      | HP: 1/31 [orc priest/divine providence (10)]
  4289 | D:5      | Killed from afar by an orc priest

Illustrated notes

Levels and vault maps discovered:
D:1:      psy_arrival_fountain, layout_rooms, serial_forest,
          infiniplex_forest_clump_large, infiniplex_forest_clump_diagonal,
          infiniplex_forest_lined_3_way, infiniplex_forest_clump_small,
          infiniplex_forest_end_3, infiniplex_forest_clump_double
D:2:      layout_loops_ring, guppyfry_early_lair_pool
D:3:      layout_basic, gammafunk_temple_overflow_claw,
          shapermc_ecumenical_altar_hornbeckon, hex_intersection
D:4:      layout_basic, minmay_temple_entry_poolview,
          chequers_serial_rivers_room_b
D:5:      layout_rooms
Temple:   lightli_temple_of_artemis

Skill      XL: |  1  2  3  4  5  6 |
---------------+-------------------+-----
Stealth        | 1 2 3 4 |  4.9
Dodging        | 3 4 5 |  5.6
Fighting       | 2 3 |  3.6
Shapeshifting  | 4 |  4.9
Unarmed Combat | 4 |  4.7

Action                     |  1- 3 |  4- 6 |  7- 9 || total
---------------------------+-------+-------+-------++-------
  Melee: Unarmed           |    64 |   108 |    61 ||   233
         Bite              |     7 |    16 |     7 ||    30
         Punch             |     1 |     7 |     1 ||     9
    Use: Potion            |       |     1 |       ||     1
   Stab: Sleeping          |     6 |     4 |     1 ||    11
 Armour: Skin              |    15 |    44 |    32 ||    91
  Dodge: Dodged            |    40 |   104 |    66 ||   210

Table legend: (Time is in decaauts)
 A = Elapsed time spent in this place.
 B = Non-inter-level travel time spent in this place.
 C = Inter-level travel time spent in this place.
 D = Time resting spent in this place.
 E = Time spent auto-exploring this place.
 F = Levels seen in this place.
 G = Mean time per level.
                   A        B        C        D        E       F      G
               +--------+--------+--------+--------+--------+-----+--------+
         Total |   3689 |   3570 |    119 |      0 |   2915 |   6 |  614.8 |
       Dungeon |   3687 |   3568 |    119 |      0 |   2915 |   5 |  737.4 |
        Temple |      1 |      1 |      0 |      0 |      0 |   1 |    1.0 |
               +--------+--------+--------+--------+--------+-----+--------+

Top non-repeatable levels by time:
     D:4: 1512 daAuts
     D:3: 673 daAuts
     D:2: 547 daAuts
     D:5: 499 daAuts
     D:1: 455 daAuts
  Temple: 1 daAuts
